SA
YORK REVOLUTION @ SYRACUSE STORM
08/19/2021
 
TOP OF THE 1ST
York Revolution batting - Pitching for Syracuse Storm : RHP Daniel Martínez
Pitching: RHP Daniel Martínez
Batting: RHB Pedro Luna 0-0: Ball
1-0: Swinging Strike
1-1: DOUBLE (Flyball, 78D)
Batting: RHB Kelly Harris 0-0: Ball
1-0: Ball
2-0: TRIPLE (Line Drive, 89M)
Pedro Luna scores
Batting: LHB Jim Unknown 0-0: Swinging Strike
0-1: Called Strike
0-2: Foul Ball, location: 2F
0-2: Foul Ball, location: 2F
0-2: Strikes out swinging
Batting: RHB José Paz 0-0: Ball
1-0: DOUBLE (Line Drive, 9LM)
Kelly Harris scores
Batting: RHB Manny Cervantes 0-0: Fly out, F4 (Popup, 3D)
Batting: RHB Arturo Read 0-0: Foul Ball, location: 2F
0-1: Ball
1-1: Ball
2-1: Ball
3-1: Base on Balls
Batting: SHB Bradley Rowe 0-0: Swinging Strike
0-1: Called Strike
0-2: Ball
1-2: Strikes out swinging
Top of the 1st over - 2 run(s), 3 hit(s), 0 error(s), 2 left on base; York 2 - Syracuse 0
BOTTOM OF THE 1ST
Syracuse Storm batting - Pitching for York Revolution : RHP Paul Anderson
Pitching: RHP Paul Anderson
Batting: RHB Noah Smith 0-0: Called Strike
0-1: Ball
1-1: Swinging Strike
1-2: Strikes out swinging
Batting: RHB Stefano Gaddi 0-0: Called Strike
0-1: Called Strike
0-2: Ball
1-2: SOLO HOME RUN (Flyball, 7D), Distance : 401 ft
Batting: RHB Juan Salinas 0-0: Foul Ball, location: 2F
0-1: Ball
1-1: DOUBLE (Groundball, 5L)
Batting: LHB Mario Ramos 0-0: Swinging Strike
0-1: Called Strike
0-2: Ball
1-2: Strikes out swinging
Batting: RHB Carlos Maldonado 0-0: Called Strike
0-1: Ball
1-1: Ball
2-1: Foul Ball, location: 2F
2-2: Foul Ball, location: 2F
2-2: Ball
3-2: Foul Ball, location: 2F
3-2: SINGLE (Groundball, 56D)
Juan Salinas to third
Juan Salinas scores
Batting: RHB Sung-min Pae 0-0: Called Strike
0-1: Called Strike
0-2: Fly out, F8 (Flyball, 8RM)
Bottom of the 1st over - 2 run(s), 3 hit(s), 0 error(s), 1 left on base; York 2 - Syracuse 2
TOP OF THE 2ND
York Revolution batting - Pitching for Syracuse Storm : RHP Daniel Martínez
Batting: RHB Alonso Rivera 0-0: Foul Ball, location: 2F
0-1: Foul Ball, location: 2F
0-2: Strikes out looking
Batting: RHB Roberto Ramírez 0-0: Called Strike
0-1: Ball
1-1: Foul Ball, location: 2F
1-2: Strikes out swinging
Batting: RHB Pedro Luna 0-0: Ball
1-0: SOLO HOME RUN (Line Drive, 7D), Distance : 376 ft
Batting: RHB Kelly Harris 0-0: Ball
1-0: Called Strike
1-1: Reached on error, E1 (Groundball, 15)
Batting: LHB Jim Unknown 0-0: Called Strike
0-1: Ball
1-1: Ground out 1-3 (Groundball, 23)
Top of the 2nd over - 1 run(s), 1 hit(s), 1 error(s), 1 left on base; York 3 - Syracuse 2
BOTTOM OF THE 2ND
Syracuse Storm batting - Pitching for York Revolution : RHP Paul Anderson
Batting: LHB Joaquín Rangel 0-0: Ground out 1-3 (Groundball, 13S)
Batting: SHB Pancho De La Rosa 0-0: DOUBLE (Flyball, 78D)
Batting: SHB John Clayton 0-0: Foul Ball, location: 2F
0-1: Called Strike
0-2: Foul Ball, location: 2F
0-2: Ground out 1-3 (Groundball, 34S)
Pancho De La Rosa to third
Batting: RHB Noah Smith 0-0: Fly out, F9 (Flyball, 89M)
Bottom of the 2nd over - 0 run(s), 1 hit(s), 0 error(s), 1 left on base; York 3 - Syracuse 2
TOP OF THE 3RD
York Revolution batting - Pitching for Syracuse Storm : RHP Daniel Martínez
Batting: RHB José Paz 0-0: Foul Ball, location: 2F
0-1: Ground out 6-3 (Groundball, 6)
Batting: RHB Manny Cervantes 0-0: DOUBLE (Line Drive, 89M)
Batting: RHB Arturo Read 0-0: Ball
1-0: SINGLE (Line Drive, 78M)
Manny Cervantes to third
Runner from 3rd tries for Home, SAFE, no throw or cutoff
Batting: SHB Bradley Rowe 0-0: Ground out U3 (Groundball, 3S)
Arturo Read to second
Batting: RHB Alonso Rivera 0-0: Ball
1-0: Ball
2-0: Swinging Strike
2-1: Foul Ball, location: 2F
2-2: Foul Ball, location: 2F
2-2: Strikes out swinging
Top of the 3rd over - 1 run(s), 2 hit(s), 0 error(s), 1 left on base; York 4 - Syracuse 2
BOTTOM OF THE 3RD
Syracuse Storm batting - Pitching for York Revolution : RHP Paul Anderson
Batting: RHB Stefano Gaddi 0-0: Ground out 5-3 (Groundball, 56S)
Batting: RHB Juan Salinas 0-0: Ball
1-0: Ball
2-0: Called Strike
2-1: Foul Ball, location: 2F
2-2: Strikes out looking
Batting: LHB Mario Ramos 0-0: Fly out, F8 (Flyball, 8LD)
Bottom of the 3rd over - 0 run(s), 0 hit(s), 0 error(s), 0 left on base; York 4 - Syracuse 2
TOP OF THE 4TH
York Revolution batting - Pitching for Syracuse Storm : RHP Daniel Martínez
Batting: RHB Roberto Ramírez 0-0: Ball
1-0: Fly out, F7 (Flyball, 7S)
Batting: RHB Pedro Luna 0-0: Called Strike
0-1: Ball
1-1: Fly out, F8 (Flyball, 8RM)
Batting: RHB Kelly Harris 0-0: Ball
1-0: Called Strike
1-1: Ball
2-1: Ground out 6-3 (Groundball, 6)
Top of the 4th over - 0 run(s), 0 hit(s), 0 error(s), 0 left on base; York 4 - Syracuse 2
BOTTOM OF THE 4TH
Syracuse Storm batting - Pitching for York Revolution : RHP Paul Anderson
Batting: RHB Carlos Maldonado 0-0: SINGLE (Groundball, 56D)
Batting: RHB Sung-min Pae 0-0: Called Strike
0-1: Foul Ball, location: 2F
0-2: Foul Ball, location: 2F
0-2: Ball
1-2: Strikes out swinging
Batting: LHB Joaquín Rangel 0-0: Fielders Choice at 2nd, 1-4 (Groundball, 15)
Batting: SHB Pancho De La Rosa 0-0: Ball
1-0: Called Strike
1-1: Ball
2-1: Ground out 1-3 (Groundball, 15S)
Bottom of the 4th over - 0 run(s), 1 hit(s), 0 error(s), 1 left on base; York 4 - Syracuse 2
TOP OF THE 5TH
York Revolution batting - Pitching for Syracuse Storm : RHP Daniel Martínez
Batting: LHB Jim Unknown 0-0: SINGLE (Line Drive, 9S)
Batting: RHB José Paz 0-0: Ball
1-0: Ball
Jim Unknown steals 2nd base
2-0: Foul Ball, location: 2F
2-1: Foul Ball, location: 2F
2-2: Ball
3-2: Strikes out swinging
Batting: RHB Manny Cervantes 0-0: Swinging Strike
0-1: Foul Ball, location: 2F
0-2: Ball
1-2: Ball
2-2: SINGLE (Groundball, 3) (infield hit)
Jim Unknown to third
Batting: RHB Arturo Read 0-0: Ball
Manny Cervantes is caught stealing 2nd base
1-0: Called Strike
1-1: Called Strike
1-2: SINGLE (Groundball, 56D)
Jim Unknown scores
Batting: SHB Bradley Rowe 0-0: Ball
1-0: Swinging Strike
1-1: Swinging Strike
1-2: Ball
2-2: Strikes out swinging
Top of the 5th over - 1 run(s), 3 hit(s), 0 error(s), 1 left on base; York 5 - Syracuse 2
BOTTOM OF THE 5TH
Syracuse Storm batting - Pitching for York Revolution : RHP Paul Anderson
Batting: SHB John Clayton 0-0: Bunted foul
0-1: Fly out, F7 (Popup, 6D)
Batting: RHB Noah Smith 0-0: Foul Ball, location: 2F
0-1: Ball
1-1: Called Strike
1-2: Foul Ball, location: 2F
1-2: Foul Ball, location: 2F
1-2: Foul Ball, location: 2F
1-2: Ball
2-2: Ball
3-2: Foul Ball, location: 2F
3-2: Foul Ball, location: 2F
3-2: Foul Ball, location: 2F
3-2: Foul Ball, location: 2F
3-2: Foul Ball, location: 2F
3-2: Base on Balls
Batting: RHB Stefano Gaddi 0-0: Fly out, F8 (Line Drive, 8LM)
Batting: RHB Juan Salinas 0-0: Fly out, F4 (Popup, 4MD)
Bottom of the 5th over - 0 run(s), 0 hit(s), 0 error(s), 1 left on base; York 5 - Syracuse 2
TOP OF THE 6TH
York Revolution batting - Pitching for Syracuse Storm : RHP Daniel Martínez
Batting: RHB Alonso Rivera 0-0: Called Strike
0-1: Fly out, F7 (Flyball, 7M)
Batting: RHB Roberto Ramírez 0-0: Called Strike
0-1: Ground out 5-3 (Groundball, 56)
Batting: RHB Pedro Luna 0-0: Ball
1-0: Ball
2-0: DOUBLE (Line Drive, 8LM)
Batting: RHB Kelly Harris 0-0: Ground out 5-3 (Groundball, 5)
Top of the 6th over - 0 run(s), 1 hit(s), 0 error(s), 1 left on base; York 5 - Syracuse 2
BOTTOM OF THE 6TH
Syracuse Storm batting - Pitching for York Revolution : RHP Paul Anderson
Batting: LHB Mario Ramos 0-0: Ground out 3-1 (Groundball, 34S)
Batting: RHB Carlos Maldonado 0-0: Ball
1-0: Swinging Strike
1-1: Fly out, F9 (Flyball, 89M)
Batting: RHB Sung-min Pae 0-0: SINGLE (Line Drive, 6M)
Batting: LHB Joaquín Rangel 0-0: Ball
1-0: Ball
2-0: Called Strike
2-1: Called Strike
2-2: Foul Ball, location: 2F
2-2: Fly out, F9 (Flyball, 9S)
Bottom of the 6th over - 0 run(s), 1 hit(s), 0 error(s), 1 left on base; York 5 - Syracuse 2
TOP OF THE 7TH
York Revolution batting - Pitching for Syracuse Storm : RHP Daniel Martínez
Batting: LHB Jim Unknown 0-0: Swinging Strike
0-1: Ball
1-1: Foul Ball, location: 2F
1-2: Strikes out looking
Batting: RHB José Paz 0-0: Swinging Strike
0-1: Foul Ball, location: 2F
0-2: Strikes out looking
Batting: RHB Manny Cervantes 0-0: Foul Ball, location: 2F
0-1: Swinging Strike
0-2: Ground out 6-3 (Groundball, 6)
Top of the 7th over - 0 run(s), 0 hit(s), 0 error(s), 0 left on base; York 5 - Syracuse 2
BOTTOM OF THE 7TH
Syracuse Storm batting - Pitching for York Revolution : RHP Paul Anderson
Batting: SHB Pancho De La Rosa 0-0: Ball
1-0: Ball
2-0: Swinging Strike
2-1: Ground out 5-3 (Groundball, 5)
Batting: SHB John Clayton 0-0: Fly out, F8 (Flyball, 8RS)
Batting: RHB Noah Smith 0-0: Ball
1-0: Swinging Strike
1-1: SINGLE (Line Drive, 4M)
Batting: RHB Stefano Gaddi 0-0: Ball
1-0: Called Strike
1-1: Ball
2-1: Foul Ball, location: 2F
2-2: SINGLE (Flyball, 78S)
Noah Smith to second
Batting: RHB Juan Salinas 0-0: Ball
1-0: SINGLE (Groundball, 6S)
Noah Smith to third
Stefano Gaddi to second
Runner from 3rd tries for Home, SAFE, throw made at trailing runner, SAFE at third!
Batting: LHB Mario Ramos 0-0: Called Strike
0-1: TRIPLE (Line Drive, 89D)
Stefano Gaddi scores
Juan Salinas scores
Batting: RHB Carlos Maldonado 0-0: Ground out 1-3 (Groundball, 23)
Bottom of the 7th over - 3 run(s), 4 hit(s), 0 error(s), 1 left on base; York 5 - Syracuse 5
TOP OF THE 8TH
York Revolution batting - Pitching for Syracuse Storm : RHP Daniel Martínez
Pinch Hitting: LHB Mike Cook 0-0: Called Strike
0-1: Foul Ball, location: 2F
0-2: Ball
1-2: SINGLE (Line Drive, 34)
Batting: SHB Bradley Rowe 0-0: Called Strike
0-1: Ball
1-1: Swinging Strike
1-2: Ball
2-2: Fly out, F8 (Line Drive, 8RM)
Pitching: RHP Jon Schultz
Pinch Hitting: RHB Jim Unknown 0-0: Bunted foul
0-1: Ball
1-1: Sac Bunt - play at second, runner OUT! 2-6
Pinch Hitting: LHB Ubbe van Antwerpen 0-0: Ball
1-0: Ball
2-0: Called Strike
2-1: 2-RUN HOME RUN (Flyball, 8LXD), Distance : 448 ft
Batting: RHB Pedro Luna 0-0: Ball
1-0: Foul Ball, location: 2F
1-1: DOUBLE (Line Drive, 78D)
Batting: RHB Kelly Harris 0-0: Ball
1-0: Ball
2-0: Ball
3-0: Called Strike
3-1: Foul Ball, location: 2F
3-2: Foul Ball, location: 2F
3-2: Foul Ball, location: 2F
3-2: Base on Balls
Batting: LHB Jim Unknown 0-0: Ball
1-0: Ball
2-0: Swinging Strike
2-1: Foul Ball, location: 2F
2-2: Strikes out swinging
Top of the 8th over - 2 run(s), 3 hit(s), 0 error(s), 2 left on base; York 7 - Syracuse 5
BOTTOM OF THE 8TH
Syracuse Storm batting - Pitching for York Revolution : RHP Paul Anderson
Now at 1B: Mike Cook
Now at 2B: Parker Smith
Now at 3B: Jim Unknown
Batting: RHB Sung-min Pae 0-0: Ball
1-0: Ball
2-0: Ball
3-0: Base on Balls
Batting: LHB Joaquín Rangel 0-0: Called Strike
0-1: Ball
1-1: Fly out, F9 (Flyball, 89XD)
Batting: SHB Pancho De La Rosa 0-0: Called Strike
0-1: Ball
1-1: Ball
2-1: Swinging Strike
2-2: Strikes out swinging
Batting: SHB John Clayton 0-0: Ball
1-0: Called Strike
1-1: Foul Ball, location: 2F
1-2: Ball
2-2: Strikes out swinging
Bottom of the 8th over - 0 run(s), 0 hit(s), 0 error(s), 1 left on base; York 7 - Syracuse 5
TOP OF THE 9TH
York Revolution batting - Pitching for Syracuse Storm : RHP Jon Schultz
Batting: RHB José Paz 0-0: Ball
1-0: Ground out 6-3 (Groundball, 6M)
Batting: RHB Manny Cervantes 0-0: Ball
1-0: Ball
2-0: Ground out 5-3 (Groundball, 5L)
Batting: LHB Mike Cook 0-0: Ball
1-0: Fly out, F8 (Flyball, 8RM)
Top of the 9th over - 0 run(s), 0 hit(s), 0 error(s), 0 left on base; York 7 - Syracuse 5
BOTTOM OF THE 9TH
Syracuse Storm batting - Pitching for York Revolution : RHP Paul Anderson
Batting: RHB Noah Smith 0-0: Ball
1-0: Ball
2-0: Ball
3-0: Called Strike
3-1: Ground out 4-3 (Groundball, 4M)
Batting: RHB Stefano Gaddi 0-0: Ball
1-0: Ball
2-0: Foul Ball, location: 2F
2-1: Swinging Strike
2-2: Strikes out looking
Pitching: RHP Alonso Cruz
Batting: RHB Juan Salinas 0-0: Ball
1-0: Called Strike
1-1: Ground out 5-3 (Groundball, 56)
Bottom of the 9th over - 0 run(s), 0 hit(s), 0 error(s), 0 left on base; York 7 - Syracuse 5
This league is powered by Out of the Park Baseball, the baseball management simulation game for PC, Mac and Linux
Friday, January 22nd, 2016 - OOTP Baseball 16.9 Build 39